 Dungeon Crawl Stone Soup version 0.17-a0-1674-g2b13139 (webtiles) character file.

107 karlkraus the Shield-Bearer (level 4, 0/40 HPs)
             Began as a Minotaur Fighter on Aug 18, 2015.
             Succumbed to poison (a potion of poison)
             ... on level 2 of the Dungeon.
             The game lasted 00:02:13 (753 turns).

karlkraus the Shield-Bearer (Minotaur Fighter)       Turns: 753, Time: 00:02:13

Health: 0/40       AC:  7    Str: 26      XL:     4   Next: 56%
Magic:  3/3        EV:  8    Int:  5      God:
Gold:   61         SH: 10    Dex:  8 (10) Spells: 0 memorised, 3 levels left

rFire  . . .     SeeInvis .     a - +0 flail
rCold  . . .     Clarity  .     b - +0 scale mail
rNeg   . . .     SustAt   .     c - +0 shield
rPois  .         Gourm    .     (helmet restricted)
rElec  .         Spirit   .     (no cloak)
rCorr  .         Warding  .     (no gloves)
rMut   .         Rnd*Tele +     (no boots)
MR     .....                    (no amulet)
Stlth  ..........               (no ring)
                                m - ring of teleportation (curse)

@: mighty, lethally poisoned (0 -> -3), very slightly contaminated, hasted, very
quick, not resistant to hostile enchantments, extremely unstealthy
A: retaliatory headbutt, horns 2
a: Evoke Teleportation


You were on level 2 of the Dungeon.
You were not hungry.

You visited 1 branch of the dungeon, and saw 2 of its levels.

You collected 61 gold pieces.

Inventory:

Hand weapons
 a - a +0 flail (weapon)
Armour
 b - a +0 scale mail (worn)
 c - a +0 shield (worn)
Jewellery
 m - a cursed ring of teleportation (left hand)
Scrolls
 g - a scroll of random uselessness {unknown}
 h - 3 scrolls of blinking {unknown}
 i - a scroll of magic mapping {unknown}
 j - a scroll of enchant armour {unknown}
 l - 2 scrolls of identify {unknown}
 n - a scroll of remove curse {unknown}
 p - a scroll of amnesia {unknown}
Potions
 d - 3 potions of might
 f - a potion of haste
 o - a potion of poison
Comestibles
 e - a bread ration
 k - a meat ration
 q - 3 chunks of flesh


   Skills:
 + Level 4.1 Fighting
 + Level 3.1 Maces & Flails
 + Level 4.4 Armour
 + Level 1.4 Dodging
 + Level 4.8 Shields


You had 3 spell levels left.
You didn't know any spells.

Dungeon Overview and Level Annotations

Branches:
Dungeon (2/15)

Altars:

Annotations:
D:2 Natasha


Innate Abilities, Weirdness & Mutations

You reflexively headbutt those who attack you in melee.
You have a pair of horns on your head.


Message History

You feel clumsy.
Unknown command.
* * * LOW HITPOINT WARNING * * *
You feel sick.
* * * LOW HITPOINT WARNING * * *
You feel sick.
* * * LOW HITPOINT WARNING * * *
You feel sick.
* * * LOW HITPOINT WARNING * * *
You feel sick.
* * * LOW HITPOINT WARNING * * *
You feel sick.
* * * LOW HITPOINT WARNING * * *
You feel sick.
* * * LOW HITPOINT WARNING * * *
You feel sick.
Natasha, Servant of Life and Death comes into view.
Natasha casts a spell.
A rat comes into view.
You die...

#. #########. #.........
#...##.###
#####..†#.....
.##.h..........
.#.............
###.#.............
###.###@.....##...#.....
#.r..........##...#.....
#.#.###.##...##...#.....
#.###............. #.#
#..###.###.### #.#
#...##.# #.# #.#
.....#.###.# #.#
#...##.....## #.#
#............#


You could see a rat.

Vanquished Creatures
  Natasha (twice) (D:2)
  4 adders
  3 giant geckos
  2 giant cockroaches (D:1)
  5 goblins (D:1)
  4 hobgoblins
  5 kobolds
  5 bats (D:1)
  2 giant newts (D:1)
  3 rats
35 creatures vanquished.

Notes
Turn   | Place    | Note
--------------------------------------------------------------
     0 | D:1      | karlkraus the Minotaur Fighter began the quest for the Orb.
     0 | D:1      | Reached XP level 1. HP: 19/19 MP: 0/0
    91 | D:1      | Reached XP level 2. HP: 24/27 MP: 1/1
   165 | D:1      | Reached skill level 4 in Shields
   518 | D:1      | Reached XP level 3. HP: 33/33 MP: 2/2
   670 | D:2      | Noticed Natasha
   681 | D:2      | Killed Natasha
   681 | D:2      | Reached skill level 1 in Dodging
   681 | D:2      | Reached XP level 4. HP: 13/40 MP: 3/3
   719 | D:2      | Noticed Natasha
   721 | D:2      | Killed Natasha
   743 | D:2      | HP: 2/40 [poison (a potion of poison)]
   749 | D:2      | HP: 1/40 [poison (a potion of poison)]
   751 | D:2      | Noticed Natasha
   753 | D:2      | Succumbed to poison (a potion of poison)

Vault maps used:
D:1:      minmay_arrival_solitary_statue
D:2:      gammafunk_temple_overflow_claw, uniq_natasha

Action                   |  1- 3 |  4- 6 || total
-------------------------+-------+-------++-------
Melee: Flail             |    79 |     8 ||    87
  Use: Potion            |       |     4 ||     4
